Unix NetHack Version 3.7.0-101 Work-in-progress - last build Apr 1 2024 13:39:02 (cf3915abb6dcc6e3362b2b16a766b7b4f6c45fc9,branch:master). Game began 2024-03-22 16:30:45, ended 2024-04-01 19:45:06. nurdglaw, chaotic female human Rogue ----------- ----- +..)`...^..####..<.| |.)%```.a)| # |...| +.......@>| ----- ----------- Nurdglaw the Rogue St:11 Dx:18 Co:13 In:11 Wi:14 Ch:9 Chaotic S:2786 Dlvl:7 $:122 HP:0(44) Pw:30(30) AC:4 Xp:6/520 T:3902 Latest messages: Are you waiting to get hit? Use 'm' prefix to force a no-op (to rest). What do you want to write with? [- abgilp or ?*] - Do you want to add to the current engraving? [ynq] (y) n You wipe out the message that was written in the dust here. You write in the dust with your fingertip. What do you want to write in the dust here? Elbereth The soldier ant turns to flee. The hill orc turns to flee. The hill orc turns to flee. The gnomish wizard turns to flee. In what direction? l You throw 3 daggers. The 1st dagger hits the gnomish wizard. The 2nd dagger misses the gnomish wizard. The 3rd dagger hits the gnomish wizard. The gnomish wizard jumps onto a teleportation trap! The gnomish wizard suddenly disappears! In what direction? l You throw 2 daggers. The 1st dagger hits the hill orc. The 2nd dagger hits the hill orc. The hill orc swings his curved sword. The hill orc just misses! In what direction? n The dagger hits the hill orc. The hill orc swings his curved sword. The hill orc hits! In what direction? n You throw 2 daggers. The 1st dagger hits the hill orc. The 2nd dagger hits the hill orc! The hill orc swings his curved sword. The hill orc hits! In what direction? n You throw 2 daggers. The 1st dagger hits the hill orc. The 2nd dagger hits the hill orc. You kill the hill orc! b - 5 uncursed +0 daggers (at the ready) (7 in total). There are several more objects here. The soldier ant misses! The soldier ant stings! The soldier ant bites! The soldier ant stings! You die... Do you want your possessions identified? [ynq] (y) y Do you want to see your attributes? [ynq] (y) y Do you want an account of creatures vanquished? [ynaq] (y) y Do you want to see your conduct and achievements? [ynq] (y) y Do you want to see the dungeon overview? [ynq] (y) y Inventory: Coins $ - 122 gold pieces Weapons g - 11 uncursed +0 darts b - 7 uncursed +0 daggers (at the ready) l - an uncursed +1 orcish dagger named not cursed (weapon in right hand) i - 2 uncursed +0 orcish daggers named not cursed a - an uncursed +0 short sword named tlpthy Armor j - an uncursed +0 orcish helm (being worn) c - an uncursed +0 elven mithril-coat named prayed on turn 3534 (being worn) Comestibles o - 2 uncursed food rations n - an uncursed lizard corpse Wands p - an uncursed wand of striking (0:8) Tools h - an uncursed sack containing 5 items k - an uncursed lock pick d - an uncursed mirror Contents of the sack: 234 gold pieces an uncursed potion of extra healing an uncursed potion of sickness an uncursed citrine stone 3 uncursed worthless pieces of green glass Nurdglaw the Rogue's attributes: Background: You were a Rogue, level 6 female human. You were chaotic, on a mission for Kos who was opposed by Issek (lawful) and Mog (neutral). You were right-handed. You were in the Dungeons of Doom, on level 7. You entered the dungeon 3902 turns ago. You had 520 experience points, 120 more were needed to attain level 7. Your score was 2786 before end-of-game adjustments. Basics: You had 0 out of 44 hit points. You had all 30 energy points (spell power). Your armor class was 4. Your wallet contained 122 zorkmids, and you had 234 more stashed away in your pack. Autopickup was on for '$' plus thrown. Final Characteristics: Your strength was 11 (limit:18/100). Your dexterity was 18 (limit:18). Your constitution was 13 (limit:18). Your intelligence was 11 (limit:18). Your wisdom was 14 (limit:18). Your charisma was 9 (limit:18). Final Status: You weren't hungry. You were unencumbered. You were wielding a dagger. You were skilled in dagger. Final Attributes: You were piously aligned. You were telepathic. You were stealthy. You were guarded. You are dead. Miscellaneous: You encountered 1 bones level. Total elapsed playing time was 1 hour, 50 minutes and 20 seconds. Major events: Turn 1: nurdglaw the chaotic female human Rogue entered the dungeon 795: attained the rank of Cutpurse (level 3) 1782: entered the Gnomish Mines 3055: attained the rank of Rogue (level 6) 3055: destroyed roccowuzhurr's ghost, the former Bandit 3902: killed by a soldier ant Vanquished creatures: a ghost 3 leprechauns a lizard 3 fog clouds a gnomish wizard a straw golem a paper golem a little dog 2 floating eyes 2 hill orcs a rothe 2 orc zombies a dwarf zombie a wererat 2 werejackals 3 iguanas 2 coyotes 2 hobbits 4 cave spiders 2 yellow molds a green mold 3 gnomes a garter snake a gecko 3 jackals a kobold 4 goblins 2 sewer rats 4 grid bugs 4 bats 5 lichens a kobold zombie 7 newts 73 creatures vanquished. No species were genocided or became extinct. Voluntary challenges: You read items or engraved 10 times. You engraved Elbereth 9 times. You never genocided any monsters. You never polymorphed an object. You never changed form. You used no wishes. Achievements: You attained the rank of Cutpurse. You entered the Gnomish Mines. You entered a shop. You attained the rank of Rogue. The Dungeons of Doom: levels 1 to 8 Level 1: Some fountains, a sink, a grave. Level 2: Some graves. Level 3: "dumped spellbooks and blank scrolls by mines downstair" Some fountains. Stairs down to The Gnomish Mines. Level 4: A fountain. Final resting place for roccowuzhurr-Bar-Hum-Mal-Neu, killed by a straw golem, while fainted from lack of food. Level 5: "vault" A fountain. Level 6: "vault, stashed potions and scrolls in box" Some fountains, a grave. Level 7: <- You were here. Final resting place for you, killed by a soldier ant. Level 8: A fountain. The Gnomish Mines: Level 4: Game over: ---------- / \ / REST \ / IN \ / PEACE \ / \ | nurdglaw | | 356 Au | | killed by a | | soldier ant | | | | | | 2024 | *| * * * | * _________)/\\_//(\/(/\)/\//\/|_)_______ Goodbye nurdglaw the Rogue... You died in The Dungeons of Doom on dungeon level 7 with 2751 points, and 356 pieces of gold, after 3902 moves. You were level 6 with a maximum of 44 hit points when you died.